 Dungeon Crawl Stone Soup version 0.22.0-6-g71bd7aa (webtiles) character file.

41 Sqgman the Caller (level 3, 0/24 HPs)
             Began as a Merfolk Summoner on Aug 14, 2018.
             Was an Initiate of Sif Muna.
             Slain by an orc wizard
             ... wielding a +0 dagger
              (6 damage)
             ... on level 3 of the Dungeon.
             The game lasted 00:15:40 (2349 turns).

Sqgman the Caller (Merfolk Summoner)                Turns: 2349, Time: 00:15:41

Health: 0/24       AC:  2    Str:  8    XL:     3   Next: 52%
Magic:  4/6        EV:  8    Int: 15    God:    Sif Muna [......]
Gold:   87         SH:  0    Dex: 14    Spells: 2/7 levels left

rFire    . . .     SeeInvis .   (no weapon)
rCold    . . .     Gourm    .   (no shield)
rNeg     . . .     Faith    .   a - +0 robe
rPois    .         Spirit   .   (no helmet)
rElec    .         Reflect  .   (no cloak)
rCorr    .         Harm     .   (no gloves)
MR       .....                  (no boots)
Stlth    ++........             (no amulet)
HPRegen  0.08/turn              b - -5 ring of evasion
MPRegen  0.10/turn              (no ring)

@: no status effects
A: change form in water, swift swim, stealthy swim
a: Renounce Religion


You were on level 3 of the Dungeon.
You worshipped Sif Muna.
Sif Muna was noncommittal.
You were very hungry.

You visited 1 branch of the dungeon, and saw 3 of its levels.

You collected 87 gold pieces.

Inventory:

Hand Weapons
 e - a +1 dagger
Missiles
 f - 87 stones (quivered)
 k - a throwing net
Armour
 a - a +0 robe (worn)
Jewellery
 b - a -5 ring of evasion (left hand)
Scrolls
 d - a scroll of remove curse
 h - 4 scrolls of identify
 l - 2 scrolls of teleportation {unknown}
 m - a scroll of fear {unknown}
Potions
 g - 2 potions of flight {unknown}
 i - a potion of curing {unknown}
 j - a potion of might {unknown}
 o - a potion of lignification {unknown}
Comestibles
 c - 4 rations


   Skills:
 + Level 2.8 Dodging
 + Level 2.2 Stealth
 + Level 2.6 Spellcasting
 + Level 4.7 Summonings


You had 2 spell levels left.
You knew the following spells:

 Your Spells              Type           Power        Failure   Level  Hunger
b - Call Imp              Summ           ###.....     4%          2    ##.....
c - Summon Guardian Gole  Hex/Summ       #.......     24%         3    ###....

Your spell library contained the following spells:

 Spells                   Type           Power        Failure   Level  Hunger
 Summon Small Mammal      Summ           ###.         3%          1    #......
 Summon Ice Beast         Ice/Summ       #.......     61%         4    #####..
 Call Canine Familiar     Summ           ###.....     9%          3    ###....
 Summon Lightning Spire   Summ/Air       #.......     61%         4    #####..


Dungeon Overview and Level Annotations

Branches:
Dungeon (3/15)

Altars:
Sif Muna


Message History

The bat is severely wounded.
Your crimson imp disappears in a puff of smoke!
The bat hits you but does no damage. The bat barely misses you.
Casting: Call Imp (safe; 4% risk of failure)
Confirm with . or Enter, or press ? or * to list all spells.
A beastly little devil appears in a puff of frigid air.
The bat hits you but does no damage. The orc hits you with a club. x2
The bat hits you. x2; The orc wizard hits you with a dagger.
The orc hits you with a club.
* * * LOW HITPOINT WARNING * * *
The orc throws a tomahawk.
The tomahawk hits you.
* * * LOW HITPOINT WARNING * * *
The bat closely misses you.
Your white imp closely misses the orc wizard.
You see here a tomahawk.
You barely miss the bat.
The bat is severely wounded.
The bat closely misses you. The bat hits you but does no damage.
The orc wizard hits you with a dagger.
You die...

#.)....)......##.#.......
#.##########..##.#.###...
########.##########........ .
...?.........##.............
#######.####.##.###...##...##
#.# #.# #...###... #.# # #.#
##...##.### #.####.##b#
#......... #.##...5o@#
#...##.### #.##....o.# #####
.[ #$##...oo.# ## #.....##
#..... ..##### #.


You could see an orc wizard, 3 orcs, a bat and a friendly white imp.

Vanquished Creatures
  A frilled lizard (D:1)
  2 rats
3 creatures vanquished.

Vanquished Creatures (collateral kills)
  An adder (D:2)
  4 dart slugs
  A leopard gecko (D:1)
  An orc (D:3)
  A ball python (D:1)
  3 giant cockroaches (D:1)
  6 goblins
  5 hobgoblins (D:1)
  2 jackals (D:1)
  3 quokkas
  3 bats
  A frilled lizard (D:2)
  5 kobolds
  8 rats
44 creatures vanquished.

Grand Total: 47 creatures vanquished

Notes
Turn   | Place    | Note
-------+----------+-------------------------------------------
     0 | D:1      | Sqgman the Merfolk Summoner began the quest for the Orb.
     0 | D:1      | Reached XP level 1. HP: 13/13 MP: 3/3
   220 | D:1      | Reached XP level 2. HP: 19/19 MP: 0/5
   225 | D:1      | Learned a level 2 spell: Call Imp
  1335 | D:2      | Reached XP level 3. HP: 19/24 MP: 2/6
  1421 | D:2      | Learned a level 3 spell: Summon Guardian Golem
  1726 | D:2      | Found a deep blue altar of Sif Muna.
  1732 | D:2      | Became a worshipper of Sif Muna the Loreminder
  2349 | D:3      | Slain by an orc wizard

Action                   || total
-------------------------++-------
Melee: Unarmed           ||    28
 Cast: Summon Small Mamm ||    18
       Call Imp          ||    48
       Summon Guardian G ||     1
  Use: Scroll            ||     4
 Stab: Sleeping          ||     1
  Eat: Ration            ||     2
Armor: Robe              ||    25
Dodge: Dodged            ||    29
